 Dungeon Crawl Stone Soup version 0.32-a0-876-gcfddb08e57 (webtiles) character file.

Game seed: 1316564556977056898

344 TacoSundae the Changeling (level 6, 0/46 HPs)
             Began as a Merfolk Shapeshifter on Apr 2, 2024.
             Was a Follower of Cheibriados.
             Succumbed to a scorpion's poison
             ... on level 4 of the Dungeon.
             The game lasted 00:10:28 (3363 turns).

TacoSundae the Changeling (Merfolk Shapeshifter)    Turns: 3363, Time: 00:10:29

Health: 0/46       AC:  3    Str: 17 (18) XL:     6   Next: 58%
Magic:  6/6        EV: 12    Int: 10 (12) God:    Cheibriados [*.....]
Gold:   178        SH:  0    Dex: 13 (15) Spells: 5/5 levels left

rFire   + +          .
                       - Unarmed
rCold   + . .        (no shield)
rNeg    . . .        a - +1 animal skin
rPois   +            (helmet currently unavailable)
rElec   +            (cloak currently unavailable)
rCorr   +            (gloves currently unavailable)
SInv    +            (boots currently unavailable)
Will    .....        (no amulet)
Stlth   +            b - ring of protection from fire
HPRegen 0.27/turn    k - ring of see invisible
MPRegen 0.10/turn

%: no passive effects
@: mighty, lethally poisoned (0 -> -1), beast-form, resistant, very slow
A: beast (slay +3), (nimble swimmer 2), mertail
a: Begin Untransformation, Renounce Religion, Bend Time


You were on level 4 of the Dungeon.
You worshipped Cheibriados.
Cheibriados was aware of your devotion.
You were a hulking beast.
You visited 1 branch of the dungeon, and saw 5 of its levels.

You collected 178 gold pieces.

Inventory:

Missiles
 f - 4 boomerangs
 o - 15 poisoned darts (quivered)
Armour
 a - a +1 animal skin (worn)
 j - a +0 pair of gloves
Magical Staves
 n - a staff of alchemy
Jewellery
 b - a ring of protection from fire (left hand)
 k - a ring of see invisible (right hand)
Talismans
 c - a beast talisman (active)
 d - a flux talisman
Scrolls
 e - a scroll of vulnerability
Potions
 g - 2 potions of might
 h - 2 potions of brilliance


   Skills:
 + Level 2.9 Fighting
 + Level 4.3 Dodging
 * Level 5.3 Unarmed Combat
 * Level 6.0 Shapeshifting


You had 5 spell levels left.
You didn't know any spells.
Your spell library contained the following spells:

 Spells                   Type           Power      Damage    Failure   Level
 Slow                     Hex            0%         N/A       36%         1
 Summon Small Mammal      Summ           0%         N/A       36%         1
 Confusing Touch          Hex            0%         N/A       75%         3
 Vampiric Draining        Necr           0%         2d6       75%         3
 Ignite Poison            Fire/Alch      0%         N/A       98%         4
 Sticky Flame             Fire/Alch      0%         2d4       98%         4
 Spellforged Servitor     Conj/Summ      0%         N/A       100%        7
 Ignition                 Fire           0%         3d3       100%        8


Dungeon Overview and Level Annotations

Branches:
Dungeon (5/15)
 Temple: D:4-7

Altars:
Cheibriados

Shops:
D:3 ?


Innate Abilities, Weirdness & Mutations

You are a hulking beast.
Your limbs bulge with bestial killing power. (Slay +3)
((You are very nimble when in or above water. (Stealth+, EV+, Speed+++)))
Your lower body shifts to a powerful aquatic tail in water.


Message History

You kill the orc priest!
Cheibriados appreciates the change of pace.
You feel sick. The scorpion completely misses you.
The quokka completely misses you.
You punch the scorpion!
The scorpion is severely wounded.
You feel sick. The scorpion barely misses you.
The quokka bites you but does no damage.
You barely miss the scorpion.
The scorpion is severely wounded.
You feel sick. The scorpion stings you.
* * * LOW HITPOINT WARNING * * *
The quokka bites you.
* * * LOW HITPOINT WARNING * * *
The scorpion misses you.
You punch the scorpion!
You kill the scorpion!
Cheibriados thoroughly appreciates the change of pace.
You feel sick. The quokka bites you.
* * * LOW HITPOINT WARNING * * *
Your Shapeshifting skill increases to level 6!
You punch the quokka!
You kill the quokka!
Cheibriados appreciates the change of pace.
You can now bend time to slow others.
Cheibriados raises the support of your attributes as your movement slows.
It was a potion of degeneration.
There was something very wrong with that liquid.
You feel weakened.
You feel dopey.
You feel clumsy.
* * * LOW HITPOINT WARNING * * *
You feel sick.
Unknown command.
* * * LOW HITPOINT WARNING * * *
You feel sick.
* * * LOW HITPOINT WARNING * * *
You feel sick.
Okay, then.
You feel protected.
You die...
Cheibriados appreciates the motionlessness of death.

....#..### ##....###.#........
.......# #...#.###.#........
.....### ##..##..............
...#.# #...#...##..........
.....#########......##..##.......
.##..........#.........###.......
############..........####..#####
..........####.[.).....##......#
..........####.[h...#...#......#
................).....#.#......#
....................###........#
........................#......#
...........##.......###.#......#
..........###......## #.#......#
..........##....#### #.#......#
.........รท....### #..#######
............###########...#


There were no monsters in sight!

Vanquished Creatures
  A scorpion (D:4)
  2 orc priests (D:4)
  Jessica (D:2)
  2 sleepcaps
  6 adders
  3 ribbon worms
  A dart slug (D:2)
  3 orcs
  8 endoplasms
  3 giant cockroaches
  5 goblins
  9 hobgoblins
  11 jackals
  2 quokkas
  3 ball pythons
  4 bats
  6 frilled lizards
  9 kobolds
  4 rats
83 creatures vanquished.

Notes
Turn   | Place    | Note
-------+----------+-------------------------------------------
     0 | D:1      | TacoSundae the Merfolk Shapeshifter began the quest for the
                  | Orb.
     0 | D:1      | Reached XP level 1. HP: 15/15 MP: 1/1
   240 | D:1      | Reached XP level 2. HP: 21/21 MP: 2/2
   818 | D:2      | Noticed Jessica
   835 | D:2      | Killed Jessica
   836 | D:2      | Reached XP level 3. HP: 6/27 MP: 3/3
  1101 | D:2      | Reached XP level 4. HP: 33/33 MP: 4/4
  1203 | D:2      | Found a faded altar of an unknown god.
  1895 | D:3      | Found Dachikh's Magic Scroll Shoppe.
  1949 | D:3      | Reached skill level 5 in Shapeshifting
  2140 | D:3      | Reached XP level 5. HP: 33/38 MP: 5/5
  2652 | D:4      | Found a snail-covered altar of Cheibriados.
  2671 | D:4      | Became a worshipper of Cheibriados the Contemplative
  2793 | D:4      | Got the Annotations on Cursed Leadership
  3066 | D:5      | Entered Level 5 of the Dungeon
  3173 | D:4      | Reached XP level 6. HP: 20/46 MP: 6/6
  3182 | D:4      | Reached skill level 5 in Unarmed Combat
  3356 | D:4      | HP: 2/46 [quokka (2)]
  3357 | D:4      | Reached skill level 6 in Shapeshifting
  3357 | D:4      | Reached * piety under Cheibriados
  3361 | D:4      | HP: 1/46 [poisoned by a scorpion]
  3363 | D:4      | Succumbed to a scorpion's poison

Illustrated notes

Levels and vault maps discovered:
D:1:      grunt_arrival_crossed_arrows, layout_loops_ring,
          minmay_misc_feat_rugged, chequers_garden, minmay_pentomino_s2
D:2:      layout_loops_corners, hellmonk_ecumenical_altar_dog_temple,
          uniq_jessica
D:3:      layout_loops_ring, serial_shops, nicolae_shop_peninsula,
          kennysheep_generic_room_6
D:4:      layout_rooms, mainiacjoe_overflow_six_doors_small
D:5:      layout_rooms, minmay_temple_entry_glass, kennysheep_generic_room_7,
          uniq_crazy_yiuf_cottage

Skill      XL: |  1  2  3  4  5  6 |
---------------+-------------------+-----
Dodging        | 3 4 |  4.3
Unarmed Combat | 4 5 |  5.3
Fighting       | 2 |  2.9
Shapeshifting  | 5 6 |  6.0

Action                     |  1- 3 |  4- 6 || total
---------------------------+-------+-------++-------
  Melee: Unarmed           |    69 |   176 ||   245
         Punch             |     2 |     5 ||     7
    Use: Potion            |     1 |     3 ||     4
         Scroll            |       |    10 ||    10
   Stab: Sleeping          |     2 |     1 ||     3
         Distracted        |       |     1 ||     1
 Armour: Animal skin       |    36 |    89 ||   125
         Skin              |     3 |       ||     3
  Dodge: Dodged            |    45 |    92 ||   137

Table legend: (Time is in decaauts)
 A = Elapsed time spent in this place.
 B = Non-inter-level travel time spent in this place.
 C = Inter-level travel time spent in this place.
 D = Time resting spent in this place.
 E = Time spent auto-exploring this place.
 F = Levels seen in this place.
 G = Mean time per level.
                   A        B        C        D        E       F      G
               +--------+--------+--------+--------+--------+-----+--------+
         Total |   3446 |   3281 |    165 |    308 |   2008 |   5 |  689.2 |
       Dungeon |   3446 |   3281 |    165 |    308 |   2008 |   5 |  689.2 |
               +--------+--------+--------+--------+--------+-----+--------+

Top non-repeatable levels by time:
     D:2: 1168 daAuts
     D:4: 783 daAuts
     D:3: 774 daAuts
     D:1: 674 daAuts
     D:5: 46 daAuts
